[Event "Cappelle-la-Grande op"]
[Site "Cappelle-la-Grande FRA"]
[Date "2024.03.03"]
[Round "2.11"]
[White "Lesueur, Gabriel"]
[Black "Panjwani, Raja"]
[Result "1-0"]
[ECO "B34"]
[WhiteElo "2207"]
[BlackElo "2468"]
[PlyCount "135"]
[EventDate "2024.03.02"]
[EventType "swiss"]
[EventRounds "9"]
[EventCountry "FRA"]
[Source "ChessMix"]
[SourceDate "2024.03.10"]
[TimeControl "40/5400+30:1800+30"]

1. e4 c5 2. Nf3 Nc6 3. Nc3 g6 4. d4 cxd4 5. Nxd4 Bg7 6. Be3 Nf6 7. Nxc6 bxc6 8. e5 Ng8 9. f4 Nh6 10. h3 O-O 11. g4 f6 12. exf6 Bxf6 13. Qd2 Qa5 14. Bc4+ Nf7 15. O-O Qb4 16. Bb3 a5 17. a3 Qb8 18. Bd4 Qd6 19. Rad1 Qxd4+ 20. Qxd4 Bxd4+ 21. Rxd4 d5 22. Kh2 e6 23. Na4 Ba6 24. c4 e5 25. Rdd1 dxc4 26. Ba2 Rab8 27. Rf2 Ng5 28. Nc5 Rxf4 29. Rc2 Bb5 30. a4 Rbf8 31. axb5 cxb5 32. Bb1 Rf2+ 33. Rxf2 Rxf2+ 34. Kg3 Rxb2 35. h4 Nf7 36. Be4 c3 37. Rf1 Nd8 38. Nd7 Kg7 39. Nxe5 b4 40. Nc4 Re2 41. Bd3 Re7 42. Nxa5 Re5 43. Nb3 Ne6 44. Kf3 h6 45. Ra1 g5 46. h5 Nf4 47. Be4 Re7 48. Nd4 Rc7 49. Bc2 Rd7 50. Nf5+ Kf6 51. Ra6+ Ke5 52. Ra5+ Rd5 53. Rxd5+ Kxd5 54. Bb3+ Ke5 55. Nxh6 Kd4 56. Nf5+ Kd3 57. Ne3 Kd2 58. h6 Ng6 59. h7 Nh8 60. Ke4 Ke2 61. Kf5 Kxe3 62. Kf6 Kd2 63. Kg7 c2 64. Bxc2 Kxc2 65. Kxh8 b3 66. Kg7 b2 67. h8=Q b1=Q 68. Qh7+ 1-0

[Event "Cappelle-la-Grande op"]
[Site "Cappelle-la-Grande FRA"]
[Date "2024.03.07"]
[Round "8.8"]
[White "Nanjo, Ryosuke"]
[Black "Panjwani, Raja"]
[Result "1-0"]
[ECO "C87"]
[WhiteElo "2346"]
[BlackElo "2468"]
[PlyCount "129"]
[EventDate "2024.03.02"]
[EventType "swiss"]
[EventRounds "9"]
[EventCountry "FRA"]
[Source "ChessMix"]
[SourceDate "2024.03.10"]
[TimeControl "40/5400+30:1800+30"]

1. e4 e5 2. Nf3 Nc6 3. Bb5 a6 4. Ba4 Nf6 5. O-O Be7 6. d3 d6 7. c3 Bg4 8. Re1 Nd7 9. Be3 h6 10. Nbd2 Bg5 11. Nf1 Qf6 12. Ng3 Bxf3 13. Qxf3 Qxf3 14. gxf3 g6 15. Ne2 O-O-O 16. d4 Bxe3 17. fxe3 Nb6 18. Bxc6 bxc6 19. Kf2 Kd7 20. Rad1 Ke6 21. Nc1 f6 22. Nd3 a5 23. b3 Nd7 24. c4 Ke7 25. c5 dxc5 26. dxe5 Nxe5 27. Nxc5 Rd6 28. Rd4 Rb8 29. Ke2 Rb5 30. Rc1 g5 31. Na4 g4 32. f4 Nd7 33. Rg1 Rh5 34. Rxg4 Rxh2+ 35. Kd3 Kf7 36. Nc3 h5 37. Rg1 h4 38. a3 Rh3 39. b4 axb4 40. axb4 Rxd4+ 41. Kxd4 Rg3 42. Rh1 h3 43. Kd3 Nb8 44. Ne2 Rg8 45. Rxh3 Na6 46. Nd4 c5 47. b5 Nb4+ 48. Kc4 cxd4 49. Kxb4 Rd8 50. Kc4 d3 51. Rh1 d2 52. Rd1 Ke6 53. Kc3 Rb8 54. Rxd2 Rxb5 55. Kc4 Rb1 56. Rh2 Re1 57. Kd3 c5 58. Rh6 Ke7 59. Rh7+ Ke6 60. f5+ Kd6 61. Rf7 c4+ 62. Kxc4 Rc1+ 63. Kd3 Rc6 64. Rxf6+ Ke5 65. Re6+ 1-0

[Event "Charlotte Holiday GM"]
[Site "Charlotte USA"]
[Date "2021.12.19"]
[Round "1.4"]
[White "Panjwani, Raja"]
[Black "Gauri, Shankar"]
[Result "0-1"]
[ECO "D37"]
[WhiteElo "2431"]
[BlackElo "2325"]
[PlyCount "100"]
[EventDate "2021.12.19"]
[EventType "tourn"]
[EventRounds "9"]
[EventCountry "USA"]
[EventCategory "7"]
[Source "ChessMix"]
[SourceDate "2022.01.01"]
[TimeControl "5400+30"]

1. d4 Nf6 2. c4 e6 3. Nc3 Bb4 4. e3 O-O 5. Bd3 d5 6. Nf3 c5 7. cxd5 exd5 8. dxc5 Bxc5 9. h3 Nc6 10. O-O Qe7 11. a3 a6 12. b4 Bd6 13. Bb2 Ne5 14. Na4 Nxd3 15. Qxd3 Be6 16. Nb6 Rad8 17. Qd4 Rfe8 18. Qh4 Nd7 19. Qd4 Nf6 20. Rfc1 Bb8 21. Na4 Bf5 22. Nc5 Be4 23. Nd2 Bg6 24. a4 Qf8 25. Qh4 Ne4 26. Ndxe4 dxe4 27. Rd1 Bc7 28. a5 f6 29. Rxd8 Rxd8 30. Ne6 Qxb4 31. Nxd8 Qxb2 32. Rd1 Qc2 33. Rf1 Bxd8 34. Qf4 Qc7 35. Rd1 h5 36. g4 h4 37. g5 fxg5 38. Qg4 Kh7 39. Rd7 Qxa5 40. Qd1 Bf6 41. Rxb7 Qf5 42. Qd6 g4 43. hxg4 Qxg4+ 44. Kf1 Qh3+ 45. Ke1 Bc3+ 46. Kd1 Qf3+ 47. Kc2 Bf6 48. Qh2 Qe2+ 49. Kc1 Be8 50. Qf4 Qe1+ 0-1

[Event "Charlotte Holiday GM"]
[Site "Charlotte USA"]
[Date "2021.12.20"]
[Round "3.3"]
[White "Panjwani, Raja"]
[Black "Song, Edward"]
[Result "1/2-1/2"]
[ECO "D27"]
[WhiteElo "2431"]
[BlackElo "2365"]
[PlyCount "88"]
[EventDate "2021.12.19"]
[EventType "tourn"]
[EventRounds "9"]
[EventCountry "USA"]
[EventCategory "7"]
[Source "ChessMix"]
[SourceDate "2022.01.01"]
[TimeControl "5400+30"]

1. d4 d5 2. c4 dxc4 3. Nf3 Nf6 4. e3 e6 5. Bxc4 a6 6. a4 c5 7. O-O Nc6 8. Qe2 cxd4 9. Rd1 Be7 10. exd4 O-O 11. Nc3 Nb4 12. Ne5 b6 13. Qf3 Ra7 14. Qh3 Rc7 15. Bb3 Nfd5 16. Bd2 Bg5 17. Qg3 Bxd2 18. Rxd2 Bb7 19. Rdd1 Qe7 20. a5 bxa5 21. Ne4 Nf6 22. Nxf6+ Qxf6 23. Rxa5 Rfc8 24. h4 Bd5 25. Bxd5 Nxd5 26. Ng4 Qg6 27. h5 Qg5 28. Rc5 h6 29. b4 Rxc5 30. bxc5 a5 31. Rb1 Qf4 32. Rb7 Qxg3 33. fxg3 Ra8 34. c6 Rc8 35. Ne5 Nb4 36. c7 Na6 37. Ra7 Nxc7 38. Rxa5 Nd5 39. Ra7 Rf8 40. g4 Nf6 41. Kf2 Ne4+ 42. Kf3 Ng5+ 43. Ke3 Rb8 44. Rd7 Ra8 1/2-1/2

[Event "Marshall CC-ch"]
[Site "New York USA"]
[Date "2019.11.15"]
[Round "4"]
[White "Niemann, Hans Moke"]
[Black "Panjwani, Raja"]
[Result "1-0"]
[ECO "D20"]
[WhiteElo "2436"]
[BlackElo "2450"]
[PlyCount "101"]
[EventDate "2019.11.14"]
[EventType "tourn"]
[EventRounds "3"]
[EventCountry "USA"]
[Source "ChessMix"]
[SourceDate "2019.11.20"]
[TimeControl "40/5400+30:900+30"]

1. d4 d5 2. c4 dxc4 3. e4 Nf6 4. e5 Nd5 5. Bxc4 Bf5 6. Ne2 e6 7. a3 Be7 8. Nbc3 Nb6 9. Ba2 O-O 10. O-O c5 11. Be3 c4 12. Ng3 Bg6 13. Qg4 Nc6 14. Rad1 Kh8 15. Nh5 Na5 16. Nf4 Bf5 17. Qf3 Bg5 18. d5 Bxf4 19. Bxf4 Bd3 20. d6 f6 21. Rxd3 fxe5 22. Rdd1 Rxf4 23. Qh3 Qf6 24. g3 Rd4 25. Bb1 h6 26. Ne4 Qf5 27. Qxf5 exf5 28. Nc5 Rd8 29. Ne6 R8xd6 30. Nxd4 exd4 31. Bxf5 Na4 32. Rb1 d3 33. Rfe1 g6 34. Bg4 Rb6 35. Re8+ Kg7 36. Rbe1 Rf6 37. Be6 d2 38. Rd1 Nc5 39. Bd5 Ncb3 40. Rg8+ Kh7 41. Rb8 Rd6 42. Bxc4 Nc1 43. Bf1 Rd7 44. Bb5 Rd5 45. b4 Nab3 46. Rxb7+ Kh8 47. Bc4 Re5 48. Kf1 a6 49. Rd7 Re4 50. Bxb3 Nxb3 51. Rd3 1-0

[Event "Marshall CC-ch"]
[Site "New York USA"]
[Date "2019.11.16"]
[Round "5"]
[White "Panjwani, Raja"]
[Black "Yudasin, Leonid"]
[Result "0-1"]
[ECO "B54"]
[WhiteElo "2450"]
[BlackElo "2507"]
[PlyCount "138"]
[EventDate "2019.11.14"]
[EventType "tourn"]
[EventRounds "3"]
[EventCountry "USA"]
[Source "ChessMix"]
[SourceDate "2019.11.20"]
[TimeControl "40/5400+30:900+30"]

1. Nf3 c5 2. c4 Nf6 3. Nc3 e6 4. d4 cxd4 5. Nxd4 a6 6. e4 d6 7. Be2 Be7 8. O-O O-O 9. Be3 Nc6 10. Qd2 Bd7 11. Rfd1 Rc8 12. Nxc6 Bxc6 13. f3 Qc7 14. Bd4 Rfd8 15. a4 b6 16. Qe3 Nd7 17. Qf2 a5 18. Qg3 Bf6 19. Bxf6 Nxf6 20. Rd2 Ne8 21. Rad1 Rb8 22. Qh4 Rd7 23. Kf1 Qd8 24. Qf4 e5 25. Qe3 Nc7 26. Nb5 Ne6 27. b3 Bxb5 28. cxb5 Nd4 29. Rxd4 exd4 30. Qxd4 Qc7 31. Qd5 Rc8 32. f4 Rdd8 33. Bg4 Rb8 34. Qc6 Qe7 35. Qd5 Qh4 36. h3 Qg3 37. Kg1 Qxf4 38. Rf1 Qe3+ 39. Kh2 Rf8 40. Qxd6 Qxe4 41. Bf5 Qe8 42. Bd7 Qd8 43. Qc6 Qe7 44. Rf5 Qe3 45. Qc4 Rb7 46. Qc6 Ra7 47. Qd5 Rc7 48. Bc6 Re7 49. Qd6 g6 50. Rd5 Re4 51. Rd3 Qf4+ 52. Qxf4 Rxf4 53. Rd7 Rb8 54. Bd5 h5 55. Kg3 Rf6 56. h4 Re8 57. Rb7 Kg7 58. Bc6 Re3+ 59. Kh2 Rxb3 60. Rxb6 Rb4 61. Ra6 Rxh4+ 62. Kg3 Rxa4 63. Bf3 Ra3 64. Kh2 a4 65. Bd5 Ra1 66. Be4 Rf4 67. Bc6 Rb1 68. b6 Rf6 69. b7 Rxc6 0-1

[Event "Marshall CC-ch"]
[Site "New York USA"]
[Date "2019.11.17"]
[Round "8"]
[White "Panjwani, Raja"]
[Black "Korley, Kassa"]
[Result "1-0"]
[ECO "A11"]
[WhiteElo "2450"]
[BlackElo "2447"]
[PlyCount "93"]
[EventDate "2019.11.14"]
[EventType "tourn"]
[EventRounds "3"]
[EventCountry "USA"]
[Source "ChessMix"]
[SourceDate "2019.11.20"]
[TimeControl "40/5400+30:900+30"]

1. Nf3 d5 2. g3 c6 3. Bg2 Bf5 4. O-O e6 5. d3 h6 6. c4 Nf6 7. cxd5 exd5 8. Qb3 Qb6 9. Qxb6 axb6 10. Nd4 Bh7 11. Nc3 Bc5 12. Nb3 O-O 13. e4 Bb4 14. e5 Nfd7 15. d4 Na6 16. Bh3 Nab8 17. Bd2 Be7 18. Rfc1 Re8 19. f4 Bd3 20. Nd1 Nf8 21. f5 Nh7 22. Nf2 Bc4 23. Bf1 Bxf1 24. Kxf1 Nd7 25. a4 Ra6 26. a5 Rea8 27. h4 Bd8 28. axb6 Bxb6 29. Rxa6 Rxa6 30. Nd3 Kf8 31. Kg2 Ke8 32. g4 Ra4 33. Be3 Nhf8 34. Kf3 Nb8 35. Nbc5 Bxc5 36. Nxc5 Rb4 37. Ra1 Nbd7 38. Ra8+ Ke7 39. Nd3 Rb3 40. Ke2 f6 41. e6 Nb6 42. Rb8 Nc4 43. Bd2 Nxd2 44. Kxd2 g6 45. Kc2 Rb5 46. Nf4 gxf5 47. gxf5 1-0

[Event "CAN-ch"]
[Site "Guelph CAN"]
[Date "2015.07.10"]
[Round "1.6"]
[White "Panjwani, Raja"]
[Black "Haessel, Dale"]
[Result "1-0"]
[ECO "A34"]
[WhiteElo "2542"]
[BlackElo "2274"]
[PlyCount "29"]
[EventDate "2015.07.10"]
[EventType "swiss"]
[EventRounds "9"]
[EventCountry "CAN"]
[TimeControl "40/5400+30:1800+30"]

1. g3 Nf6 2. Bg2 c5 3. c4 Nc6 4. Nc3 g6 5. Nf3 d5 6. cxd5 Nxd5 7. O-O Bg7 8.
Nxd5 Qxd5 9. d3 Bd7 10. Ng5 Qf5 11. Qb3 Nd4 12. Qxb7 Nxe2+ 13. Kh1 Rd8 14. Be3
Qxd3 15. Rfd1 1-0

[Event "CAN-ch"]
[Site "Guelph CAN"]
[Date "2015.07.11"]
[Round "2.5"]
[White "Gentes, Kevin"]
[Black "Panjwani, Raja"]
[Result "0-1"]
[ECO "E05"]
[WhiteElo "2353"]
[BlackElo "2542"]
[PlyCount "106"]
[EventDate "2015.07.10"]
[EventType "swiss"]
[EventRounds "9"]
[EventCountry "CAN"]
[TimeControl "40/5400+30:1800+30"]

1. Nf3 Nf6 2. g3 d5 3. Bg2 e6 4. O-O Be7 5. c4 O-O 6. d4 dxc4 7. Qc2 a6 8. Qxc4
b5 9. Qc2 Bb7 10. Bf4 Nc6 11. Rd1 Nb4 12. Qc1 Nbd5 13. Nc3 Rc8 14. Nxd5 Bxd5
15. Be3 Ng4 16. Ne1 Bxg2 17. Nxg2 Qd5 18. h3 Nxe3 19. Qxe3 Rfd8 20. Nf4 Qd6 21.
Rac1 c5 22. dxc5 Qxd1+ 23. Rxd1 Rxd1+ 24. Kg2 Bxc5 25. Qe4 Rd7 26. a4 Bf8 27.
axb5 axb5 28. Qe5 b4 29. Nd3 g6 30. b3 Rc3 31. Qb8 Rdxd3 32. exd3 Rxd3 33. g4
Rc3 34. g5 Rd3 35. h4 Rd5 36. f4 Kg7 37. Qb7 Bd6 38. Qb6 Bc5 39. Qb8 Rd2+ 40.
Kf1 Bf8 41. Kg1 Kg8 42. Qb5 Rb2 43. Qe5 Rb1+ 44. Kg2 Rxb3 45. Kh2 Rc3 46. Kg2
Rd3 47. Qe4 Rd5 48. Qc4 h5 49. Kh3 Ra5 50. Kg2 Ra3 51. Qc2 Rc3 52. Qd2 Rc4 53.
Kf3 b3 0-1

[Event "CAN-ch"]
[Site "Guelph CAN"]
[Date "2015.07.11"]
[Round "3.3"]
[White "Panjwani, Raja"]
[Black "Plotkin, Victor"]
[Result "1-0"]
[ECO "E18"]
[WhiteElo "2542"]
[BlackElo "2400"]
[PlyCount "73"]
[EventDate "2015.07.10"]
[EventType "swiss"]
[EventRounds "9"]
[EventCountry "CAN"]
[TimeControl "40/5400+30:1800+30"]

1. Nf3 Nf6 2. c4 e6 3. d4 b6 4. Nc3 Bb7 5. g3 d5 6. Bg2 Be7 7. Ne5 O-O 8. O-O
Qc8 9. cxd5 Nxd5 10. Nxd5 Bxd5 11. e4 Bb7 12. d5 exd5 13. exd5 Bd6 14. Nc4 Na6
15. a3 Qf5 16. b4 Rad8 17. Re1 Rfe8 18. Rxe8+ Rxe8 19. Bb2 f6 20. Rc1 Bf8 21.
Ne3 Qd7 22. Qc2 Bd6 23. Be4 Qh3 24. Bf5 Qh5 25. Bg4 Qg6 26. Be6+ Kh8 27. Nf5
Be5 28. Bxe5 fxe5 29. Qe2 Qf6 30. Ne3 Rd8 31. Ng4 Qg5 32. f4 exf4 33. Ne5 Rf8
34. Nf7+ Rxf7 35. Bxf7 Qd8 36. Re1 h6 37. Qc2 1-0

[Event "CAN-ch"]
[Site "Guelph CAN"]
[Date "2015.07.12"]
[Round "4.1"]
[White "Sambuev, Bator"]
[Black "Panjwani, Raja"]
[Result "1-0"]
[ECO "E14"]
[WhiteElo "2642"]
[BlackElo "2542"]
[PlyCount "57"]
[EventDate "2015.07.10"]
[EventType "swiss"]
[EventRounds "9"]
[EventCountry "CAN"]
[TimeControl "40/5400+30:1800+30"]

1. d4 Nf6 2. Nf3 e6 3. e3 b6 4. Bd3 Bb7 5. O-O d5 6. b3 Bd6 7. Bb2 O-O 8. c4
Nbd7 9. Nc3 a6 10. a3 Ne4 11. Qc2 f5 12. Ne2 c5 13. Nf4 Qe8 14. cxd5 exd5 15.
Rad1 Rc8 16. Qe2 g5 17. dxc5 bxc5 18. Nxd5 Bxd5 19. Bxe4 Qxe4 20. Rxd5 Qxd5 21.
Rd1 Qc6 22. Nxg5 Nb6 23. Qh5 Rc7 24. Nxh7 Bxh2+ 25. Qxh2 Rxh7 26. Qg3+ Kf7 27.
Rd6 Qe4 28. Rf6+ Ke8 29. Qb8+ 1-0

[Event "CAN-ch"]
[Site "Guelph CAN"]
[Date "2015.07.12"]
[Round "5.4"]
[White "Panjwani, Raja"]
[Black "Krnan, Tomas"]
[Result "0-1"]
[ECO "A49"]
[WhiteElo "2542"]
[BlackElo "2557"]
[PlyCount "80"]
[EventDate "2015.07.10"]
[EventType "swiss"]
[EventRounds "9"]
[EventCountry "CAN"]
[TimeControl "40/5400+30:1800+30"]

1. Nf3 Nf6 2. g3 g6 3. Bg2 Bg7 4. d4 d6 5. O-O O-O 6. a4 Na6 7. a5 c5 8. Nc3
Bd7 9. dxc5 Nxc5 10. Nd4 Qc8 11. e4 Bh3 12. Re1 Bxg2 13. Kxg2 h6 14. Nd5 Re8
15. Nb5 Nxd5 16. exd5 Nd7 17. Ra4 a6 18. Nd4 b5 19. axb6 Nxb6 20. Ra5 Qb7 21.
Nf3 Nc4 22. Ra2 Nxb2 23. Qe2 Qxd5 24. Rxb2 Bxb2 25. Bxb2 Rac8 26. Kg1 Qa2 27.
Bc1 Rxc2 28. Qe3 Qd5 29. Nd4 Rc4 30. Bb2 e5 31. Nf3 Rc2 32. Bc3 Qb3 33. Qxh6
Qxc3 34. Re3 Qc6 35. Kg2 Rc3 36. Rxc3 Qxc3 37. Ng5 Qc6+ 38. f3 Qc2+ 39. Kh3
Qf5+ 40. g4 Qf6 0-1

[Event "CAN-ch"]
[Site "Guelph CAN"]
[Date "2015.07.13"]
[Round "6.5"]
[White "Oussedik, Elias"]
[Black "Panjwani, Raja"]
[Result "1/2-1/2"]
[ECO "A14"]
[WhiteElo "2328"]
[BlackElo "2542"]
[PlyCount "99"]
[EventDate "2015.07.10"]
[EventType "swiss"]
[EventRounds "9"]
[EventCountry "CAN"]
[TimeControl "40/5400+30:1800+30"]

1. Nf3 Nf6 2. c4 e6 3. g3 d5 4. Bg2 Be7 5. O-O O-O 6. b3 c5 7. e3 Nc6 8. Bb2 b6
9. Nc3 dxc4 10. bxc4 Bb7 11. Qe2 a6 12. d3 Qc7 13. Ne1 Na5 14. f4 Bxg2 15. Nxg2
Rad8 16. Rad1 Rd7 17. g4 Rfd8 18. g5 Ne8 19. Rf3 Nd6 20. Rh3 g6 21. a4 f5 22.
gxf6 Bxf6 23. Nh4 Rf7 24. Nf3 Nc6 25. Ng5 Bxg5 26. fxg5 Rdf8 27. Qg4 Qe7 28.
Ne2 Rf5 29. Bf6 Qd7 30. e4 Ne5 31. Qg2 R5xf6 32. gxf6 Rxf6 33. Rf1 Rxf1+ 34.
Qxf1 Qxa4 35. Nf4 Qd7 36. Rg3 b5 37. cxb5 axb5 38. Qa1 Ndf7 39. Qa8+ Qd8 40.
Qa2 c4 41. dxc4 Ng5 42. cxb5 Qd4+ 43. Kf1 Nef3 44. Qa8+ Kf7 45. Ne2 Qd1+ 46.
Kf2 Qe1+ 47. Ke3 Qd2+ 48. Kf2 Qe1+ 49. Ke3 Qd2+ 50. Kf2 1/2-1/2